Unix NetHack Version 5.0.0-0 post-release - last build May 23 2026 06:08:33 (1c0ff79ee797540d5714e4e18072db0edd9e58ae,branch:main).

Game began 2026-05-27 18:13:35, ended 2026-05-27 20:40:01.

Haxasaurus, neutral male gnomish Wizard

                                                                       ---
                                                                      --..--
                                                                     ....^.---
                                                                  ...........|
                                                                 oG).........--
                                                                 .............|
                                                           .....o.............|
                                                          ...................--
                                                         .o...o....@f.......--
                                                         ...--......--.--....
                                                         ..%|#--...-      ...
                                                         ...####...---    ...
                                                         ...|  --....--   ...
                                                         ..--   |.....|    .-
                                                         -.-    ---...|
                                                         |..      |...----
                                                                  --.....---
                                                                   ---.....|
                                                                     |..|..|
                                                                     -------
Haxasaurus the Conjurer   St:10 Dx:13 Co:13 In:19 Wi:10 Ch:11  Neutral
Dlvl:5  $:78 HP:15(32) Pw:25(54) AC:5  Xp:5/311 T:3276  Burdened

Latest messages:
 The dwarf zombie misses!
 You hear some noises in the distance.
 The dwarf zombie misses!
 You hear some noises.
 You swap places with Pringle.
 You have a little trouble lifting r - a scroll called identify {sell 10} (3 in total).
 Pringle misses it.
 The dwarf zombie hits!
 [HP -5, 22 left]
 Pringle bites the dwarf zombie.
 The dwarf zombie misses Pringle.
 The dwarf zombie hits!
 [HP -5, 17 left]
 Pringle misses the dwarf zombie.
 You destroy the dwarf zombie!
 You see here a dwarf corpse.
 The dwarf zombie hits!
 [HP -1, 17 left]
 You hit the dwarf zombie!
 The dwarf zombie hits!
 [HP -4, 14 left]
 The dwarf zombie hits!
 [HP -4, 10 left]
 Pringle bites the dwarf zombie.
 The dwarf zombie is destroyed!
 You see here a dwarf corpse.
 You hear some noises.
 The dwarf wields a broad short sword!
 Pringle misses the dwarf.
 A Mordor orc suddenly appears!
 A Mordor orc suddenly appears close by!
 A Mordor orc suddenly appears!
 A Mordor orc suddenly appears close by!
 A Mordor orc suddenly appears!
 What do you want to zap?
 In what direction?
 You are carrying too much to get through.
 What do you want to drop?
 Never mind.
 What do you want to zap?
 In what direction?
 The Mordor orc drinks a sky blue potion {buy 200}!
 Suddenly you cannot see the Mordor orc.
 There is a staircase up to level 4 here.
 Really quit without saving? y
 Do you want your possessions identified? y
 Do you want to see your attributes? y
 Do you want an account of creatures vanquished? y
 Do you want to see your conduct and achievements? y
 Do you want to see the dungeon overview? y

Inventory:
 Coins    ('$')
  $ - 78 gold pieces
 Weapons  (')')
  K - 9 +0 darts
  a - a blessed +1 quarterstaff (weapon in hands)
 Armor    ('[')
  P - a blessed +0 pair of iron shoes
  O - a cursed -1 pair of iron shoes (being worn)
  b - an uncursed +0 cloak of magic resistance (being worn)
  A - an uncursed +0 studded leather armor (being worn)
 Comestibles  ('%')
  o - an uncursed banana
  z - 2 uncursed food rations
  N - an uncursed tripe ration
 Scrolls  ('?')
  L - an uncursed scroll of amnesia
  j - an uncursed scroll of confuse monster
  i - a blessed scroll of create monster
  t - an uncursed scroll of create monster
  I - a blessed scroll of enchant armor
  r - 3 uncursed scrolls of identify
  k - an uncursed scroll of light
  p - an uncursed scroll of teleportation
 Spellbooks  ('+')
  m - an uncursed spellbook of extra healing
  l - a blessed spellbook of force bolt
 Potions  ('!')
  E - a blessed potion of healing
  v - an uncursed potion of healing
  g - an uncursed potion of restore ability
  h - an uncursed potion of sickness
  f - an uncursed potion of sleeping
 Rings    ('=')
  q - a cursed ring of polymorph
  d - an uncursed ring of polymorph control
  e - an uncursed ring of teleportation
 Wands    ('/')
  R - a wand of create monster (0:14)
  w - a wand of digging (0:4)
  F - a wand of lightning (0:3)
  c - a wand of magic missile (0:7)
  C - a wand of polymorph (0:4)
 Tools    ('(')
  n - a magic marker (0:20)
  y - an uncursed tin whistle
 Gems/Stones  ('*')
  G - 2 uncursed worthless pieces of blue glass
  J - an uncursed worthless piece of orange glass
  M - 2 uncursed worthless pieces of white glass

Haxasaurus the Wizard's attributes:

Background:
 You were a Conjurer, a level 5 male gnomish Wizard.
 You were neutral, on a mission for Thoth
 who was opposed by Ptah (lawful) and Anhur (chaotic).
 You were right-handed.
 You were in the Gnomish Mines, on level 5.
 You entered the dungeon 3276 turns ago.
 You had 311 experience points, 9 more were needed to attain level 6.

Basics:
 You had 15 out of 32 hit points.
 You had 25 out of 54 energy points (spell power).
 Your armor class was 5.
 Your wallet contained 78 zorkmids.
 Autopickup was on for '$"=/!?' plus thrown, with exceptions.

Final Characteristics:
 Your strength was 10 (limit:18/50).
 Your dexterity was 13 (peak:14, limit:18).
 Your constitution was 13 (limit:18).
 Your intelligence was 19 (limit:19).
 Your wisdom was 10 (limit:18).
 Your charisma was 11 (limit:18).

Final Status:
 You weren't hungry.
 You were burdened; movement was slightly slowed.
 You were wielding a quarterstaff.
 You had basic skill with quarterstaff.

Final Attributes:
 You were piously aligned.
 You were magic-protected.
 You had infravision.
 You were warded.
 You were unlucky.
 You survived.

Miscellaneous:
 You didn't encounter any bones levels.
 Total elapsed playing time was 35 minutes and 49 seconds.

Major events:
 Turn
    1: Haxasaurus the neutral male gnomish Wizard entered the dungeon
 1057: attained the rank of Conjurer (level 3)
 1200: entered the Gnomish Mines
 3276: quit

Spells:
 Name                 Level Category     Fail Retention
 force bolt             1   attack         0%   81%-90%
 extra healing          3   healing       76%  76%-100%

Skills:
 Fighting Skills
   bare handed combat [Unskilled]
   riding             [Unskilled]
 Weapon Skills
   dagger             [Unskilled]
   knife              [Unskilled]
   axe                [Unskilled]
   short sword        [Unskilled]
   club               [Unskilled]
   mace               [Unskilled]
   quarterstaff       [Basic]
   polearms           [Unskilled]
   spear              [Unskilled]
   trident            [Unskilled]
   sling              [Unskilled]
   dart               [Unskilled]
   shuriken           [Unskilled]
 Spellcasting Skills
   attack spells      [Basic]
   healing spells     [Unskilled]
   divination spells  [Unskilled]
   enchantment spells [Basic]
   clerical spells    [Unskilled]
   escape spells      [Unskilled]
   matter spells      [Unskilled]

Voluntary challenges:
 Character rerolling was not enabled.
 You never genocided any monsters.
 You never polymorphed an object.
 You never changed form.
 You used no wishes.
Achievements:
 You entered a shop.
 You attained the rank of Conjurer.
 You entered the Gnomish Mines.

 The Dungeons of Doom: levels 1 to 5
    Level 1:
       A fountain.
    Level 2:
       A weapon shop, a fountain.
    Level 3:
       A general store.
       Stairs down to The Gnomish Mines.
    Level 4:
       A potion shop.
    Level 5:
 The Gnomish Mines: levels 4 to 5
    Level 4:
    Level 5: <- You were here.


Vanquished creatures:
  a small mimic
  a leprechaun
  a housecat
  a bugbear
  a wood nymph
  a pony
  a yellow light
  a shrieker
  2 gray oozes
  a giant ant
  a little dog
  2 dwarves
  a homunculus
  a giant bat
  4 dwarf zombies
  a werejackal
 an iguana
 an acid blob
  3 gas spores
  2 hobbits
  a large kobold
  a yellow mold
  a green mold
  4 gnomes
  2 gnome zombies
  3 geckos
 11 jackals
  2 foxes
  a kobold
  a sewer rat
  8 grid bugs
  7 lichens
  5 newts
75 creatures vanquished.

No species were genocided or became extinct.

Goodbye Haxasaurus the Wizard...

You quit in The Gnomish Mines on dungeon level 5 with 1586 points,
and 78 pieces of gold, after 3276 moves.
You were level 5 with a maximum of 32 hit points when you quit.

